 Dungeon Crawl Stone Soup version 0.27-a0-978-g2aa4ecdaef (webtiles) character file.

Game seed: 2789712751194682073

23 spiderkeys the Insei (level 2, -3/18 HPs)
             Began as an Octopode Transmuter on Apr 15, 2021.
             Slain by an adder (4 damage)
             ... on level 2 of the Dungeon.
             The game lasted 00:01:48 (1364 turns).

spiderkeys the Insei (Octopode Transmuter)          Turns: 1364, Time: 00:01:49

Health: -3/18      AC:  1    Str:  9    XL:     2   Next: 95%
Magic:  4/5        EV: 13    Int: 15    God:
Gold:   75         SH:  0    Dex: 12    Spells: 4/5 levels left

rFire    . . .     SeeInvis .     - Unarmed
rCold    . . .     Faith    .   (no shield)
rNeg     . . .     Spirit   .   (helmet restricted)
rPois    .         Reflect  .   (no amulet)
rElec    .         Harm     .   (no ring)
rCorr    .         Rampage  .   (no ring)
Will     .....                  (no ring)
Stlth    ++........             (no ring)
HPRegen  0.06/turn              (no ring)
MPRegen  0.09/turn              (no ring)
                                (no ring)
                                (no ring)

@: lethally poisoned (-3 -> -8), very slightly contaminated
A: almost no armour, amphibious, 8 rings, camouflage 1, gelatinous body 1,
(nimble swimmer 1), tentacles
a: no special abilities


You were on level 2 of the Dungeon.
You visited 1 branch of the dungeon, and saw 2 of its levels.

You collected 75 gold pieces.

Inventory:

Potions
 a - a potion of brilliance {unknown}
 b - a potion of ambrosia {unknown}


   Skills:
 + Level 1.5 Fighting
 - Level 2.0 Dodging
 * Level 3.6 Unarmed Combat
 - Level 2.0 Spellcasting
 + Level 2.3 Transmutations


You had 4 spell levels left.
You knew the following spells:

 Your Spells              Type           Power      Damage    Failure   Level
a - Beastly Appendage     Tmut           16%        N/A       9%          1

Your spell library contained the following spells:

 Spells                   Type           Power      Damage    Failure   Level
 Wereblood                Tmut           8%         N/A       13%         2
 Spider Form              Tmut/Pois      2%         N/A       38%         3
 Ice Form                 Ice/Tmut       5%         N/A       80%         4
 Hydra Form               Tmut           4%         N/A       93%         5


Dungeon Overview and Level Annotations

Branches:
Dungeon (2/15)

Altars:


Innate Abilities, Weirdness & Mutations

You cannot wear most types of armour.
You are amphibious.
You can wear up to eight rings at the same time.
Your skin changes colour to match your surroundings (Stealth+).
Your rubbery body absorbs attacks. (AC +1, EV +1)
((You are camouflaged near water. (Stealth+)))
You have tentacles for arms and can constrict up to eight enemies at once.


Message History

You tentacle-slap the rat. You grab the rat.
Your tentacle spike misses the rat.
The rat is heavily wounded.
You constrict the rat.
You kill the rat!
No target in view!
Your transformation is almost over.
Your tentacle spike disappears.
An adder is nearby!
You miscast Beastly Appendage.
You are very lightly contaminated with residual magic.
Nothing appears to happen.
The adder hisses angrily.
The adder bites you.
You are poisoned.
The adder poisons you!
You barely miss the adder. Your grab misses the adder. You squeeze the adder.
The adder is lightly wounded.
You feel sick. The adder bites you.
You miss the adder. Your grab misses the adder.
The adder is lightly wounded.
You feel sick. The adder bites you.
* * * LOW HITPOINT WARNING * * *
You are more poisoned.
The adder poisons you!
You are too injured to fight recklessly!
You are too injured to fight recklessly!
You are too injured to fight recklessly!
You are too injured to fight recklessly!
You tentacle-slap the adder but do no damage.
Your grab misses the adder. You squeeze the adder!
The adder is severely wounded.
* * * LOW HITPOINT WARNING * * *
You feel sick. The adder closely misses you.
You closely miss the adder. Your grab misses the adder.
Your tentacle-slap misses the adder.
Your squeeze misses the adder.
The adder is severely wounded.
* * * LOW HITPOINT WARNING * * *
You feel sick. The adder completely misses you. The adder bites you.
You die...

......>....#
#.##.#####.######.#
#.##.####.......#.#
#....[.....####.#.###
#...)......#......... ###
#.####..#.......##..##.....
#.............####..##.#..
######.##....#####..##...#
#.........S@...##.#.##.#
####...#######.##......#
#...# #.........# #...#
#...#####.#
.####...#######.#.#
........)........#.#
...................#
.....>...........#..#
..####...#######...#...


You could see an adder.

Vanquished Creatures
  2 giant cockroaches (D:1)
  3 hobgoblins (D:1)
  3 kobolds
  A quokka (D:1)
  5 ball pythons (D:1)
  2 bats (D:1)
  2 frilled lizards (D:1)
  2 goblins
  3 rats
23 creatures vanquished.

Notes
Turn   | Place    | Note
-------+----------+-------------------------------------------
     0 | D:1      | spiderkeys the Octopode Transmuter began the quest for the
                  | Orb.
     0 | D:1      | Reached XP level 1. HP: 13/13 MP: 3/3
   461 | D:1      | Reached XP level 2. HP: 18/18 MP: 3/5
  1112 | D:1      | Found a faded altar of an unknown god.
  1364 | D:2      | Slain by an adder

Illustrated notes

Levels and vault maps discovered:
D:1:      lightli_arrival_quake, layout_basic, basic_ecumenical_altar,
          minmay_tromino_i4
D:2:      layout_loops_cross

Action                   || total
-------------------------++-------
Melee: Unarmed           ||    46
       Constrict         ||    14
       Kick              ||    12
       Punch             ||     2
       Tentacles         ||     2
 Cast: Beastly Appendage ||    16
  Use: Scroll            ||     1
 Stab: Sleeping          ||     6
Armor: Skin              ||     4
Dodge: Dodged            ||    17

Table legend: (Time is in decaauts)
 A = Elapsed time spent in this place.
 B = Non-inter-level travel time spent in this place.
 C = Inter-level travel time spent in this place.
 D = Time resting spent in this place.
 E = Time spent auto-exploring this place.
 F = Levels seen in this place.
 G = Mean time per level.
                   A        B        C        D        E       F      G
               +--------+--------+--------+--------+--------+-----+--------+
         Total |   1361 |   1352 |      9 |      6 |   1176 |   2 |  680.5 |
       Dungeon |   1361 |   1352 |      9 |      6 |   1176 |   2 |  680.5 |
               +--------+--------+--------+--------+--------+-----+--------+

Top non-repeatable levels by time:
     D:1: 1282 daAuts
     D:2: 78 daAuts
